[Event "Team 45 45 League T23"]
[Site "Internet Chess Club"]
[Date "2004.07.05"]
[Round "4"]
[White "Zillmer"]
[Black "Burning-Bush"]
[Result "1-0"]
[WhiteElo "2197"]
[BlackElo "2248"]
[TimeControl "2700+45"]

1. e4 c6 2. d4 d5 3. exd5 cxd5 4. c4 Nf6 5. Nc3 g6 6. Qb3 Bg7 7. cxd5 O-O 8. Be2
Nbd7 9. Bf3 Nb6 10. Nge2 Bf5 11. O-O Bd3 12. d6 Qxd6 13. Bxb7 Rab8 14. Bf4 Qd7
15. Bxb8 Rxb8 16. Bf3 Bc4 17. Qc2 g5 18. h3 h5 19. Rfe1 g4 20. hxg4 hxg4 21. Be4
Nxe4 22. Qxe4 f5 23. Qe3 Bf6 24. Rad1 Bf7 25. Qf4 Rd8 26. Ng3 Bg6 27. Qh6 Kf7
28. Nge2 Rh8 29. Qe3 Nc4 30. Qc1 Qd6 31. g3 Kg7 32. Nf4 Bf7 33. Qc2 Qc6 34. d5
Qd7 35. Ne6+ Bxe6 36. Rxe6 Rh5 37. Ne4 Ne5 38. Nxf6 Nf3+ 39. Kf1 exf6 40. Qc6
Qd8 41. Ke2 Rh8 42. d6 Kg6 43. d7 Rh7 44. Rxf6+ Qxf6 45. Qxf6+ {Black resigns}
1-0

[Event "Team 45 45 League T23"]
[Site "Internet Chess Club"]
[Date "2004.07.04"]
[Round "4"]
[White "ChessAddict"]
[Black "MissedMate"]
[Result "0-1"]
[WhiteElo "2112"]
[BlackElo "1966"]
[TimeControl "2700+45"]

1. d4 d5 2. c4 c6 3. Nf3 Nf6 4. Nc3 e6 5. e3 Bd6 6. Qc2 Nbd7 7. g4 g6 8. g5 Nh5
9. Bd2 dxc4 10. Bxc4 Nb6 11. Be2 Qe7 12. O-O-O Nd7 13. h4 Ng7 14. e4 Bb4 15. Kb1
e5 16. d5 Nc5 17. Ka1 Bxc3 18. Bxc3 cxd5 19. Rxd5 O-O 20. Bxe5 Nce6 21. Bd6 Qd8
22. Bxf8 Qxf8 23. Rhd1 Nh5 24. Bc4 Nhf4 25. Rd6 a6 26. Qc3 b5 27. Bb3 Bb7 28. h5
Rc8 29. Qe3 Ng2 30. Qe2 Qxd6 31. hxg6 hxg6 32. a3 Qe7 33. Ne5 Nxg5 34. Nxg6 Qf6
35. Qg4 Qxg6 36. Rd7 Rc1+ 37. Ka2 Bxe4 38. f3 Bb1+ {White resigns} 0-1

[Event "Team 45 45 League T23"]
[Site "Internet Chess Club"]
[Date "2004.07.05"]
[Round "4"]
[White "Sergio56"]
[Black "locchessmonster"]
[Result "0-1"]
[WhiteElo "1898"]
[BlackElo "1883"]
[TimeControl "2700+45"]

1. f4 d5 2. Nf3 g6 3. e3 Bg7 4. Nc3 Nf6 5. b3 c5 6. Bb2 O-O 7. Bd3 a6 8. a4 Nc6
9. O-O Bg4 10. Qe1 Nb4 11. Ne5 Nxd3 12. Nxd3 Qc7 13. Qh4 Rad8 14. h3 Bf5 15. Ne2
Bxd3 16. cxd3 Ne8 17. Bxg7 Kxg7 18. f5 Nf6 19. g4 e5 20. Rf2 Nd7 21. fxg6 hxg6
22. Qe7 Rde8 23. Rxf7+ Rxf7 24. Qxe8 Nf6 25. Qa8 Rf8 26. Qa7 Nxg4 27. hxg4 Qf7
28. Nf4 exf4 29. exf4 Qxf4 30. Qxb7+ Rf7 31. Qxd5 Qxg4+ 32. Qg2 Qd4+ {White
resigns} 0-1

[Event "Team 45 45 League T23"]
[Site "Internet Chess Club"]
[Date "2004.07.04"]
[Round "4"]
[White "viking99"]
[Black "Egmont"]
[Result "1-0"]
[WhiteElo "1772"]
[BlackElo "1706"]
[TimeControl "2700+45"]

1. e4 c5 2. Nf3 Nc6 3. d4 cxd4 4. Nxd4 g6 5. Nxc6 bxc6 6. Qd4 Nf6 7. e5 Nd5 8.
c4 Qb6 9. Qxb6 Nxb6 10. Nc3 Bg7 11. f4 O-O 12. Ne4 Ba6 13. b3 d6 14. Bb2 dxe5
15. fxe5 Nd7 16. O-O-O Nxe5 17. Nc5 Bc8 18. g3 Bf5 19. Bg2 Bh6+ 20. Rd2 Rad8 21.
Rd1 Nd3+ 22. Nxd3 Rxd3 23. Bf1 Rd7 24. Bc3 Rfd8 25. Be2 Bxd2+ 26. Rxd2 Rxd2 27.
Bxd2 Be4 28. Be3 a5 29. Kb2 a4 30. Kc3 axb3 31. axb3 f5 32. Bd4 Kf7 33. b4 Ke6
34. h4 Ra8 35. Kb3 Kd6 36. Bc3 e5 37. Bb2 Ke6 38. Bc3 f4 39. gxf4 exf4 40. Bg4+
Bf5 41. Bf3 Kd7 42. b5 Ke6 43. Bxc6 Rc8 44. Bd5+ Kd7 45. Be5 f3 46. Bxf3 Re8 47.
Bc6+ Kd8 48. Bf6+ Re7 49. c5 Bd7 50. Bxe7+ Kxe7 51. Bxd7 Kxd7 52. Kc4 h6 53. Kd4
g5 54. hxg5 hxg5 55. Ke4 Ke6 56. Kf3 Kd5 57. b6 Ke5 58. b7 {Black resigns} 1-0

[Event "Team 45 45 League T23"]
[Site "Internet Chess Club"]
[Date "2004.07.05"]
[Round "4"]
[White "jorobo"]
[Black "sameerwadkar2"]
[Result "1-0"]
[WhiteElo "2256"]
[BlackElo "2026"]
[TimeControl "2700+45"]

1. e4 e6 2. d4 d5 3. Nc3 Nf6 4. Bg5 Bb4 5. e5 h6 6. Bd2 Bxc3 7. bxc3 Ne4 8. Qg4
g6 9. Bd3 Nxd2 10. Kxd2 c5 11. Nf3 Bd7 12. h4 Qe7 13. Rab1 Bc6 14. dxc5 Nd7 15.
Qg3 Nxc5 16. Nd4 a6 17. Nxc6 bxc6 18. Rb6 Qc7 19. Rhb1 O-O 20. f4 h5 21. Qe3
Nxd3 22. Qxd3 c5 23. Rb7 Qa5 24. g4 hxg4 25. h5 gxh5 26. Rh1 d4 27. Rxh5 Qxc3+
28. Qxc3 dxc3+ 29. Kxc3 Rfb8 30. Rg5+ Kf8 31. Rc7 Rc8 32. Rxc8+ Rxc8 33. Rxg4
Rd8 34. Kc4 Rd2 35. c3 Rxa2 36. Kxc5 Ra5+ 37. Kb6 Ra4 38. Rg1 Rxf4 39. Rc1 Rc4
40. Kxa6 Rc5 41. c4 Rxe5 42. c5 Ke7 43. Kb6 Kd8 44. Rh1 Re2 45. Rh8+ Ke7 46. c6
Rb2+ 47. Kc7 e5 48. Rb8 Rd2 49. Rb5 {Black resigns} 1-0

[Event "Team 45 45 League T23"]
[Site "Internet Chess Club"]
[Date "2004.07.01"]
[Round "4"]
[White "fledermaus"]
[Black "softbunney"]
[Result "1/2-1/2"]
[WhiteElo "1993"]
[BlackElo "2091"]
[TimeControl "2700+45"]

1. d4 d5 2. c4 c6 3. Nf3 e6 4. Nc3 Nd7 5. Bg5 Ngf6 6. e3 Be7 7. Rc1 h6 8. Bh4
O-O 9. Bd3 dxc4 10. Bxc4 b5 11. Bd3 Bb7 12. O-O a6 13. Bxf6 Nxf6 14. Ne4 Nd7 15.
Bb1 f5 16. Nc5 Nxc5 17. dxc5 Qxd1 18. Rfxd1 Rfd8 19. Rxd8+ Rxd8 20. Nd4 Kf7 21.
f4 g6 22. a3 Bf6 23. Rd1 e5 24. Ba2+ Ke7 25. fxe5 Bxe5 26. g3 Kf6 27. Bb1 Bc8
28. Rd3 Bxd4 29. Rxd4 Rxd4 30. exd4 Be6 31. h4 a5 32. b4 axb4 33. axb4 g5 34.
hxg5+ Kxg5 35. Kf2 Bd5 36. Bd3 f4 37. Be2 fxg3+ 38. Kxg3 Kf5 39. Bd3+ Be4 40.
Be2 Ke6 41. Kf4 Kd5 42. Ke3 Bh1 43. Kd3 Ke6 44. Ke3 Kf5 45. Bd3+ Ke6 46. Be2 Kd5
47. Kd3 Bg2 48. Ke3 Be4 49. Bh5 Bf5 50. Bf3+ Kc4 51. Bxc6 Kxb4 52. Kf4 Bc8 53.
Ke5 Kc4 54. Kd6 b4 55. d5 b3 56. Ba4 b2 57. Bc2 h5 58. c6 h4 59. Ke5 Kc5 60. Be4
Kb6 61. d6 h3 62. Kf6 b1=Q 63. Bxb1 Kxc6 64. Ke5 Bd7 65. Be4+ Kb6 66. Kf4 Kc5
67. Kg3 Kxd6 68. Bg2 hxg2 69. Kxg2 {Game drawn because neither player has mating
material} 1/2-1/2

[Event "Team 45 45 League T23"]
[Site "Internet Chess Club"]
[Date "2004.07.06"]
[Round "4"]
[White "Unbeliever"]
[Black "Turnedone"]
[Result "0-1"]
[WhiteElo "1947"]
[BlackElo "1993"]
[TimeControl "2700+45"]

1. e4 c5 2. d3 g6 3. g3 Bg7 4. Bg2 e6 5. c3 Ne7 6. Be3 Qc7 7. Qd2 h5 8. h3 d5 9.
Ne2 Bd7 10. Na3 Ba4 11. O-O Nd7 12. Rac1 Rd8 13. f4 b6 14. f5 gxf5 15. exd5 exd5
16. Bg5 f6 17. Bf4 Qc8 18. Bd6 Ne5 19. Bxe7 Kxe7 20. Nf4 Bh6 21. Qe2 d4 22. Ng6+
Kf7 23. Nxh8+ Rxh8 24. Rce1 Be3+ 25. Kh1 Bc6 26. Nc2 Ng4 27. Nxe3 Nxe3 28. Bxc6
Qxc6+ 29. Rf3 h4 30. g4 Nxg4 31. Qe7+ Kg6 32. Kg2 Ne3+ 33. Kf2 Re8 34. Rg1+ Ng4+
35. hxg4 Rxe7 36. gxf5+ Kf7 37. Rh3 Re3 38. Rxe3 dxe3+ 39. Kxe3 Qd5 {White
resigns} 0-1

[Event "Team 45 45 League T23"]
[Site "Internet Chess Club"]
[Date "2004.07.06"]
[Round "4"]
[White "TheDwarf"]
[Black "CraigCKlein"]
[Result "1-0"]
[WhiteElo "1875"]
[BlackElo "1755"]
[TimeControl "2700+45"]

1. d4 Nf6 2. f4 c5 3. e3 b6 4. Nf3 Bb7 5. Bd3 g6 6. O-O Bg7 7. Nbd2 d6 8. c3 O-O
9. Qe1 Nc6 10. Qh4 Qc7 11. f5 e5 12. Ne4 Nxe4 13. Bxe4 exd4 14. f6 Bh8 15. Ng5
h5 16. Bxg6 fxg6 17. f7+ Rxf7 18. Nxf7 Bg7 19. exd4 Rf8 20. Nh6+ Kh7 21. Rxf8
Bxf8 22. Ng4 Be7 23. Nf6+ Kh8 24. Bg5 Qd8 25. Rf1 Na5 26. d5 Bxd5 27. Nxd5 Bxg5
28. Qe4 Kg7 29. Qe6 Nc4 30. Rf7+ Kh6 31. Nf6 Bxf6 32. Rxf6 Ne5 33. Qxd6 Qxd6 34.
Rxd6 Nc4 35. Rd7 Nxb2 36. Rxa7 Nd1 37. Ra3 b5 38. g3 b4 39. cxb4 cxb4 40. Rb3
Nc3 41. a3 Ne2+ 42. Kf2 Nc1 43. Rxb4 {Black resigns} 1-0

[Event "Team 45 45 League T23"]
[Site "Internet Chess Club"]
[Date "2004.07.04"]
[Round "4"]
[White "Catalog"]
[Black "JustinSane"]
[Result "1-0"]
[WhiteElo "2171"]
[BlackElo "2122"]
[TimeControl "2700+45"]

1. c4 Nf6 2. Nc3 d5 3. cxd5 Nxd5 4. g3 g6 5. Bg2 Nb6 6. d3 Bg7 7. Bd2 N8d7 8.
Nf3 O-O 9. Rc1 a5 10. Rc2 c6 11. h4 Nf6 12. Qc1 h5 13. O-O a4 14. Bh6 Nbd5 15.
a3 Qd6 16. Ne4 Qc7 17. Nd4 Qb6 18. Bxg7 Kxg7 19. Nc5 e5 20. Nf3 Re8 21. Ng5 Bg4
22. e4 Nc7 23. Qe3 Qa7 24. f4 Na6 25. fxe5 Rxe5 26. d4 Re7 27. e5 Nh7 28. Nxh7
Kxh7 29. Be4 Nxc5 30. Rxc5 Rae8 31. Qg5 Rd7 32. Rxf7+ {Black resigns} 1-0

[Event "Team 45 45 League T23"]
[Site "Internet Chess Club"]
[Date "2004.07.06"]
[Round "4"]
[White "shadow-master"]
[Black "nakedking"]
[Result "1-0"]
[WhiteElo "2134"]
[BlackElo "1914"]
[TimeControl "2700+45"]

1. c4 Nf6 2. Nf3 g6 3. d4 Bg7 4. Nc3 d6 5. g3 O-O 6. Bg2 Nbd7 7. O-O e5 8. h3 c6
9. Qc2 Rb8 10. Be3 Nh5 11. dxe5 Nxe5 12. Nxe5 dxe5 13. Bxa7 Ra8 14. Bc5 Re8 15.
Rad1 Qa5 16. b4 Qa6 17. b5 cxb5 18. cxb5 Qa5 19. Qb3 Be6 20. Bd5 Rac8 21. Bxe6
Rxe6 22. Bb4 Qb6 23. Nd5 Qxb5 24. Ne7+ Rxe7 25. Bxe7 Qxe2 26. Qxb7 Re8 27. Qd7
Ra8 28. Rd2 Qf3 29. Rd3 Qe2 30. Re3 Qxa2 31. Ra3 Qxa3 32. Bxa3 Rxa3 33. Qe8+ Bf8
34. Rd1 Kg7 35. Rd8 Bb4 36. Qxe5+ Kh6 37. g4 Rxh3 38. g5# {Black checkmated} 1-0

[Event "Team 45 45 League T23"]
[Site "Internet Chess Club"]
[Date "2004.07.06"]
[Round "4"]
[White "Pawntastic"]
[Black "GhostMate"]
[Result "1-0"]
[WhiteElo "1736"]
[BlackElo "1714"]
[TimeControl "2700+45"]

1. e4 c5 2. Nc3 d6 3. d3 Nf6 4. g3 g6 5. Bg2 Nc6 6. f4 Bg4 7. Nf3 Bg7 8. h3 Bd7
9. g4 e5 10. f5 Nd4 11. Be3 gxf5 12. gxf5 Qa5 13. Bd2 Qb6 14. Bc1 h6 15. Qd2
O-O-O 16. b3 Rdg8 17. Bb2 Bf8 18. O-O-O Rg3 19. Rdf1 Rhg8 20. Rf2 Be7 21. Nxd4
exd4 22. Nd1 Nh5 23. Kb1 Bg5 24. Qe2 Be3 25. Qxh5 Bxf2 26. Nxf2 Rxg2 27. Ng4 Qd8
28. Qxf7 Qf8 29. Qxf8+ Rxf8 30. Nxh6 Kc7 31. Bc1 Be8 32. h4 Bh5 33. Bg5 Kd7 34.
Rf1 Be2 35. Re1 a5 36. f6 Ke6 37. Nf5 Bg4 38. Rf1 b5 39. a4 bxa4 40. bxa4 Be2
41. Re1 Bg4 42. Rf1 Be2 43. Re1 Bg4 44. Ne7 Rb8+ 45. Kc1 Be2 46. Nd5 Rf2 47.
Nf4+ Kf7 48. Nxe2 Rb4 49. h5 Rxa4 50. Kb2 Rh2 51. Bf4 Rb4+ 52. Ka3 Kxf6 53. Bxh2
{Black resigns} 1-0

[Event "Team 45 45 League T23"]
[Site "Internet Chess Club"]
[Date "2004.07.03"]
[Round "4"]
[White "KirkB"]
[Black "Kasparklunk"]
[Result "1-0"]
[WhiteElo "1405"]
[BlackElo "1472"]
[TimeControl "2700+45"]

1. e4 Nf6 2. e5 Nd5 3. Bc4 Nb6 4. Bb3 e6 5. d4 d5 6. Nf3 c5 7. c3 c4 8. Bc2 Nc6
9. O-O h6 10. Nfd2 Be7 11. b3 cxb3 12. axb3 Bd7 13. Ba3 O-O 14. Bxe7 Nxe7 15.
Na3 a6 16. Qe2 Qc7 17. Qd3 Ng6 18. Nf3 f5 19. Rac1 Rac8 20. Bd1 Bc6 21. Qd2 Qe7
22. Ne1 Qxa3 23. f4 Qe7 24. Bh5 Nh8 25. Qe3 Be8 26. Bf3 Nd7 27. g4 Qh4 28. gxf5
Rxf5 29. Ng2 Qe7 30. Bg4 Rf8 31. Qh3 Bf7 32. f5 Rce8 33. Nf4 exf5 34. Bxf5 Qg5+
35. Kh1 Nb6 36. Rc2 Qe7 37. Rg2 Nc8 38. Qxh6 Bg6 39. Nxg6 Nxg6 40. Rxg6 Rxf5 41.
Rxf5 Rf8 42. Rxg7+ Qxg7 43. Rg5 Rf1+ 44. Kg2 Rf7 45. Rxg7+ Rxg7+ 46. Kf3 Ne7 47.
c4 dxc4 48. bxc4 Rf7+ 49. Ke4 Rh7 50. Qg5+ Rg7 51. Qh4 Ng6 52. Qd8+ Kh7 53. e6
Ne7 54. d5 Rg4+ 55. Kd3 Rg7 56. d6 Nc6 57. e7 Ne5+ 58. Ke4 Nxc4 59. e8=Q Rg4+
60. Kf3 Rg7 61. Qh5# {Black checkmated} 1-0

[Event "Team 45 45 League T23"]
[Site "Internet Chess Club"]
[Date "2004.07.04"]
[Round "4"]
[White "DaveTheRook"]
[Black "rph"]
[Result "0-1"]
[WhiteElo "1648"]
[BlackElo "1764"]
[TimeControl "2700+45"]

1. d4 Nf6 2. c4 e5 3. dxe5 Ng4 4. Nf3 Bc5 5. e3 Nc6 6. Be2 O-O 7. O-O Ngxe5 8.
Nxe5 Nxe5 9. b3 a5 10. Bb2 Re8 11. Qd5 Qe7 12. Nc3 Ra6 13. Na4 Ba7 14. c5 Rh6
15. Qd4 f5 16. Qd5+ Kh8 17. Rac1 d6 18. cxd6 cxd6 19. Qxa5 Qh4 20. h3 f4 21.
Qxa7 Bxh3 22. Qxb7 Bc8 23. Qxg7+ Kxg7 24. Rc7+ {White resigns} 0-1

[Event "Team 45 45 League T23"]
[Site "Internet Chess Club"]
[Date "2004.07.03"]
[Round "4"]
[White "crankn8tr"]
[Black "thetexan"]
[Result "0-1"]
[WhiteElo "1548"]
[BlackElo "1625"]
[TimeControl "2700+45"]

1. e4 e5 2. Nf3 Nf6 3. Nxe5 d6 4. Nf3 Nxe4 5. d4 d5 6. Bd3 Bd6 7. O-O O-O 8. Re1
Re8 9. c4 Nf6 10. Nc3 dxc4 11. Bxc4 Be6 12. d5 Bg4 13. Bg5 Nbd7 14. Ne4 h6 15.
Nxd6 Rxe1+ 16. Qxe1 cxd6 17. Bf4 Bxf3 18. gxf3 Nb6 19. Bb3 Nbxd5 20. Bg3 Nb6 21.
Rd1 d5 22. Qe5 Qe8 23. Qxe8+ Rxe8 24. Kf1 Nc4 25. Bxc4 dxc4 26. Re1 Rxe1+ 27.
Kxe1 Kf8 28. Kd2 Nd5 29. a3 f5 30. Be5 g6 31. f4 Ke7 32. h4 h5 33. Ke2 Kd7 34.
Kf3 Kc6 35. Bc3 Nxc3 36. bxc3 Kd5 37. Ke3 b5 38. f3 a5 39. Kd2 Kc5 40. Kc2 b4
41. a4 bxc3 42. Kxc3 Kd5 43. Kd2 Kd4 44. Kc2 c3 45. Kd1 Ke3 46. Kc2 Kxf3 47.
Kxc3 Kxf4 48. Kc4 Ke3 49. Kb5 f4 50. Kxa5 f3 51. Kb4 f2 52. a5 f1=Q {White
resigns} 0-1

[Event "Team 45 45 League T23"]
[Site "Internet Chess Club"]
[Date "2004.07.01"]
[Round "4"]
[White "JLMOE"]
[Black "John14-6"]
[Result "1-0"]
[WhiteElo "1319"]
[BlackElo "1392"]
[TimeControl "2700+45"]

1. b3 d5 2. Bb2 Nc6 3. Nf3 Bg4 4. e3 Bxf3 5. Qxf3 Nb4 6. Bd3 Nxd3+ 7. cxd3 e6 8.
O-O Be7 9. Bxg7 Bf6 10. Bxh8 Bxh8 11. d4 Nf6 12. d3 Qe7 13. Nd2 Kd7 14. Rac1 c6
15. Rc2 h5 16. h3 Re8 17. Rfc1 e5 18. Qf5+ Qe6 19. Qxe6+ Rxe6 20. e4 exd4 21.
exd5 Nxd5 22. Ne4 f5 23. Nc5+ {Black resigns} 1-0

[Event "Team 45 45 League T23"]
[Site "Internet Chess Club"]
[Date "2004.06.30"]
[Round "4"]
[White "Chess2Play"]
[Black "claymil"]
[Result "1-0"]
[WhiteElo "1695"]
[BlackElo "1643"]
[TimeControl "2700+45"]

1. d4 d5 2. c4 e6 3. Nc3 Nf6 4. Bg5 Be7 5. e3 a6 6. Nf3 Nbd7 7. Rc1 b6 8. cxd5
exd5 9. Bd3 h6 10. Bh4 Bb7 11. O-O Rc8 12. Qe2 b5 13. a4 b4 14. Na2 Ra8 15. Qc2
c6 16. Rfe1 Qb6 17. b3 O-O 18. Ne5 g5 19. Bg3 Rac8 20. Bf5 Qd8 21. f4 c5 22. Qe2
Kg7 23. fxg5 hxg5 24. Nxd7 Nxd7 25. Rf1 Rh8 26. Qg4 Bc6 27. dxc5 Bxc5 28. Rxc5
Nxc5 29. Bxc8 Qxc8 30. Be5+ Kh6 31. Rf6+ Kh7 32. Qh5+ {Black resigns} 1-0

[Event "Team 45 45 League T23"]
[Site "Internet Chess Club"]
[Date "2004.07.03"]
[Round "4"]
[White "mitdale"]
[Black "PatrookMcKnight"]
[Result "1-0"]
[WhiteElo "1721"]
[BlackElo "1635"]
[TimeControl "2700+45"]

1. e4 e5 2. Nf3 Nc6 3. Bb5 Nf6 4. O-O Nxe4 5. Re1 Nd6 6. Bxc6 dxc6 7. Nxe5 Be7
8. d4 Be6 9. Nd2 Nf5 10. c3 O-O 11. Ndf3 h6 12. Qe2 Nh4 13. Be3 Nxf3+ 14. Qxf3
Qd5 15. Qg3 g5 16. h4 Qd8 17. f4 f6 18. Ng6 Rf7 19. Nxe7+ Qxe7 20. hxg5 Rg7 21.
Qh4 hxg5 22. fxg5 fxg5 23. Qg3 Re8 24. b3 Qd6 25. Bf2 Qxg3 26. Bxg3 Ree7 27. Be5
Rg6 28. Rf1 g4 29. g3 Rg5 30. Bf6 Rgg7 31. Bxe7 Rxe7 32. Rae1 Kg7 33. Rf4 b6 34.
Rxg4+ Kf8 35. Rge4 Kf7 36. g4 a6 37. Kf2 Kf6 38. Kg3 Kf7 39. g5 Re8 40. g6+ Kf6
41. g7 Kxg7 42. Rxe6 Rxe6 43. Rxe6 Kf7 44. Rxc6 Ke7 45. Kf4 Kd7 46. d5 Kc8 47.
a4 Kb7 48. Ke5 a5 49. b4 axb4 50. cxb4 Kc8 51. d6 Kd7 52. Rxc7+ Kd8 53. a5 bxa5
54. bxa5 Ke8 55. a6 Kf8 56. a7 Kg8 57. a8=Q# {Black checkmated} 1-0

[Event "Team 45 45 League T23"]
[Site "Internet Chess Club"]
[Date "2004.06.30"]
[Round "4"]
[White "Lothar"]
[Black "Garry"]
[Result "1/2-1/2"]
[WhiteElo "1519"]
[BlackElo "1528"]
[TimeControl "2700+45"]

1. d4 d5 2. c4 e6 3. Nc3 Nf6 4. Nf3 Nc6 5. Bg5 Be7 6. e3 Ne4 7. Bxe7 Qxe7 8. a3
O-O 9. cxd5 Nxc3 10. bxc3 exd5 11. Bd3 Qf6 12. O-O Bg4 13. Be2 Ne7 14. Ne5 Bxe2
15. Qxe2 Qd6 16. Rfc1 f6 17. Nf3 Ng6 18. c4 Rfe8 19. cxd5 Nf4 20. Qa2 Nxd5 21.
Nd2 Kf8 22. Qb1 g6 23. Qxb7 Reb8 24. Qc6 Ke7 25. Qxd6+ Kxd6 26. Ne4+ Ke7 27. Nc5
Rb2 28. Rab1 Rab8 29. Rxb2 Rxb2 30. g3 Kd6 31. e4 Nb6 32. Na6 Ra2 33. Rc6+ Kd7
34. Rxc7+ Kd6 35. Rc6+ Kxc6 36. Nb4+ Kd6 37. Nxa2 Nc4 38. a4 Nd2 39. e5+ fxe5
40. dxe5+ Kxe5 41. Nc3 Nc4 42. Kg2 a6 43. Kh3 Kd4 44. Ne2+ Ke4 45. Kg4 a5 46.
Ng1 Nb6 47. f3+ Ke5 48. f4+ Ke6 49. Nf3 Nxa4 50. Nd4+ Kf6 51. Nb3 Nc3 52. Nxa5
{Game drawn by mutual agreement} 1/2-1/2

[Event "Team 45 45 League T23"]
[Site "Internet Chess Club"]
[Date "2004.07.04"]
[Round "4"]
[White "CLACTON"]
[Black "Pastpawn"]
[Result "0-1"]
[WhiteElo "2147"]
[BlackElo "2056"]
[TimeControl "2700+45"]

1. e4 e6 2. d4 d5 3. exd5 exd5 4. c4 Bb4+ 5. Nc3 Nf6 6. Nf3 O-O 7. Be3 Re8 8. h3
Ne4 9. Qb3 Qe7 10. O-O-O Bxc3 11. bxc3 c6 12. Bd3 dxc4 13. Bxc4 b5 14. Bd3 Be6
15. Qb2 Bd5 16. Rhe1 Nd7 17. Nd2 Nxd2 18. Bxd2 Qd6 19. f3 Nb6 20. Rxe8+ Rxe8 21.
Re1 Rxe1+ 22. Bxe1 Qe6 23. Qe2 Bxa2 24. Qe4 Qxe4 25. fxe4 Bc4 26. Bxc4 Nxc4 27.
Bf2 Kf8 28. Kc2 Ke7 29. g4 a5 30. Bg3 a4 31. Bf4 Nd6 32. Bxd6+ Kxd6 33. Kb2 f6
34. Ka3 g6 35. Kb4 h5 36. gxh5 gxh5 37. h4 Ke6 38. c4 Kd6 39. Ka3 bxc4 40. Kxa4
c5 41. dxc5+ Kxc5 42. Ka3 Kd4 43. Kb4 Kd3 {White resigns} 0-1

[Event "Team 45 45 League T23"]
[Site "Internet Chess Club"]
[Date "2004.07.04"]
[Round "4"]
[White "A-Ru"]
[Black "room-matt"]
[Result "1-0"]
[WhiteElo "1949"]
[BlackElo "1881"]
[TimeControl "2700+45"]

1. d4 d5 2. c4 c6 3. cxd5 cxd5 4. Nf3 Nf6 5. Bf4 e6 6. e3 Bb4+ 7. Nc3 O-O 8. Bd3
Qa5 9. Qb3 Bd7 10. O-O Nc6 11. Rfc1 Nh5 12. Bg3 Nxg3 13. hxg3 Ne7 14. Ne5 Bc6
15. a3 Bd6 16. Nxc6 bxc6 17. Na4 Rab8 18. Qc2 f5 19. b4 Qd8 20. Nc5 Rf6 21. Qa4
Bxc5 22. bxc5 Qd7 23. Rab1 Rff8 24. Rb4 Qc7 25. Rcb1 h5 26. Qb3 Rxb4 27. Qxb4
Kh7 28. Kf1 Rf7 29. Ba6 e5 30. Qc3 exd4 31. exd4 Qd8 32. Rb7 Rf8 33. Rxa7 Nc8
34. Rb7 Re8 35. Qf3 Qg5 36. Qf4 Qxf4 37. gxf4 Ne7 38. Rb3 Kh6 39. Bb7 Rb8 40.
Rb6 h4 41. a4 Kh5 42. a5 Nc8 43. a6 Nxb6 44. cxb6 g5 45. fxg5 Kxg5 46. a7 {Black
resigns} 1-0

[Event "Team 45 45 League T23"]
[Site "Internet Chess Club"]
[Date "2004.07.04"]
[Round "4"]
[White "Poet-Laureate"]
[Black "DirkPlenty"]
[Result "1-0"]
[WhiteElo "1862"]
[BlackElo "1988"]
[TimeControl "2700+45"]

1. d4 Nf6 2. Nc3 d5 3. Nf3 Bf5 4. Nh4 Bd7 5. e3 e6 6. Bd3 Be7 7. Nf3 O-O 8. O-O
c5 9. b3 Qa5 10. Bd2 Qc7 11. Ne5 Be8 12. f4 Nc6 13. Nb5 Qb8 14. c4 a6 15. Nxc6
Bxc6 16. Nc3 cxd4 17. exd4 Ne4 18. Nxe4 dxe4 19. Be2 Bf6 20. Be3 Qd6 21. c5 Qd7
22. Qd2 Rad8 23. Rad1 Qc7 24. Qe1 Rd7 25. Qf2 g6 26. g4 Bg7 27. a4 f5 28. g5
Rfd8 29. Rd2 Qa5 30. Rfd1 Bd5 31. Rb2 Qc7 32. b4 Ra8 33. b5 axb5 34. Bxb5 Bc6
35. Qe2 Rad8 36. Qc4 Bd5 37. Qb4 Bc6 38. Rbd2 Qc8 39. Qb3 Rc7 40. h4 Bd5 41. Qb4
Bf8 42. Kf2 b6 43. Rc1 bxc5 44. dxc5 Qa8 45. Qb2 Bg7 46. Bd4 Bxd4+ 47. Qxd4 Rdc8
48. Rdc2 Qa7 49. Ke3 Qa5 50. Qc3 Qxc3+ 51. Rxc3 Kf8 52. Kd4 Ke7 53. Ke5 Ra8 54.
c6 Ra5 55. Rh3 Raa7 56. h5 Kf7 57. hxg6+ Kxg6 58. Rh6+ Kg7 59. Kd6 Kg8 60. g6
hxg6 61. Rxg6+ Kf7 62. Rcg1 {Black resigns} 1-0

[Event "Team 45 45 League T23"]
[Site "Internet Chess Club"]
[Date "2004.07.02"]
[Round "4"]
[White "Rookmaster"]
[Black "lorca"]
[Result "1/2-1/2"]
[WhiteElo "1788"]
[BlackElo "1713"]
[TimeControl "2700+45"]

1. e4 d6 2. d4 Nf6 3. Nc3 g6 4. f4 Bg7 5. Nf3 c5 6. Bb5+ Bd7 7. e5 Ng4 8. Bxd7+
Qxd7 9. d5 dxe5 10. h3 e4 11. Nxe4 Nf6 12. Nxf6+ Bxf6 13. O-O O-O 14. c4 e6 15.
Ne5 Qd6 16. Re1 exd5 17. Qxd5 Qxd5 18. cxd5 Rd8 19. Rd1 Nd7 20. Be3 Nxe5 21.
fxe5 Bxe5 22. Bxc5 Bxb2 23. Rab1 b6 24. Bxb6 axb6 25. Rxb2 Rd6 26. Rdd2 Ra5 27.
Kh2 Kg7 28. Kh1 f5 29. Rbc2 Rdxd5 30. Rxd5 Rxd5 31. Rc7+ Kh6 32. Ra7 Ra5 33.
Rxa5 bxa5 34. Kh2 f4 35. g4 fxg3+ 36. Kxg3 Kg5 37. h4+ Kf5 38. Kf3 h5 39. a4 g5
40. hxg5 Kxg5 41. Kg3 h4+ 42. Kh3 Kh5 43. Kh2 Kg4 44. Kg2 Kf4 45. Kh3 Ke4 46.
Kxh4 Kd4 47. Kg3 Kc4 48. Kf2 Kb4 49. Ke1 Kxa4 50. Kd1 Kb3 51. Kc1 Ka2 52. Kc2 a4
53. Kc1 {Game drawn by mutual agreement} 1/2-1/2

[Event "Team 45 45 League T23"]
[Site "Internet Chess Club"]
[Date "2004.07.05"]
[Round "4"]
[White "MikkoN"]
[Black "trikmamak"]
[Result "1/2-1/2"]
[WhiteElo "1931"]
[BlackElo "2149"]
[TimeControl "2700+45"]

1. c4 c6 2. g3 d5 3. Bg2 e6 4. Nf3 f5 5. O-O Nf6 6. d3 Bd6 7. Nc3 O-O 8. e4 dxe4
9. dxe4 Bc7 10. exf5 exf5 11. Be3 Qxd1 12. Raxd1 Na6 13. Nd4 f4 14. Bc1 Bg4 15.
Rde1 Rae8 16. h3 Bc8 17. gxf4 Nc5 18. f5 Be5 19. Be3 Nd3 20. Rb1 c5 21. Ne6 Bxe6
22. fxe6 b6 23. Na4 Rxe6 24. b3 Bf4 25. Rbd1 Bxe3 26. Rxd3 Bd4 27. Nc3 a6 28.
Nd5 Nh5 29. Rd2 Kh8 30. Kh2 g5 31. Rd3 Nf4 32. Nxf4 Rxf4 33. Rd2 Rh6 34. Kg3
Rhf6 35. Re2 h5 36. Bd5 Kg7 37. f3 Bc3 38. Re7+ Kf8 39. Re3 Bd4 40. Re2 Bc3 41.
Rc1 Ba5 42. Rcc2 Rd4 43. Re5 Bd2 44. Kf2 Bf4 45. Re4 Rxe4 46. Bxe4 Be5 47. Re2
Bd4+ 48. Kg3 b5 49. Bd5 b4 50. Re6 Rxe6 51. Bxe6 Ke7 52. Bd5 Be5+ 53. Kf2 Bf4
54. Ke2 Kf6 55. Kd3 Ke5 56. Bf7 {Game drawn by mutual agreement} 1/2-1/2

[Event "Team 45 45 League T23"]
[Site "Internet Chess Club"]
[Date "2004.07.03"]
[Round "4"]
[White "DavidBarnsley"]
[Black "Miksu"]
[Result "1-0"]
[WhiteElo "1957"]
[BlackElo "1822"]
[TimeControl "2700+45"]

1. d4 d5 2. Nc3 Nf6 3. e4 dxe4 4. f3 exf3 5. Nxf3 Bg4 6. h3 Bf5 7. g4 Bg6 8. Ne5
e6 9. Bg2 c6 10. Bg5 Be7 11. Qd2 Nbd7 12. Nxg6 hxg6 13. O-O-O Nd5 14. Bxe7 Qxe7
15. Nxd5 cxd5 16. Bxd5 O-O-O 17. Rhe1 Kb8 18. Kb1 Nb6 19. Bg2 Qd7 20. Qf4+ Ka8
21. Rd3 Nd5 22. Qf3 Rc8 23. c3 Qa4 24. Qf2 g5 25. Bxd5 exd5 26. Qxf7 Qc4 27.
Rde3 Rhg8 28. Re7 Rb8 29. Rxb7 Qd3+ 30. Ka1 Qc4 31. Rxa7# {Black checkmated} 1-0

[Event "Team 45 45 League T23"]
[Site "Internet Chess Club"]
[Date "2004.07.06"]
[Round "4"]
[White "Mika91"]
[Black "chessateer"]
[Result "1-0"]
[WhiteElo "1851"]
[BlackElo "1848"]
[TimeControl "2700+45"]

1. c4 g6 2. g3 Bg7 3. Bg2 Nf6 4. Nc3 c6 5. d3 O-O 6. Bg5 e5 7. e4 d6 8. Qd2 Nbd7
9. Nge2 a6 10. a4 Re8 11. a5 Nc5 12. Ra3 Ne6 13. Be3 c5 14. f3 Bd7 15. O-O b5
16. axb6 Qxb6 17. Rfa1 Nd4 18. R1a2 Nc6 19. Na4 Qc7 20. b3 Nb4 21. Rb2 Be6 22.
Nac3 Qd7 23. Na2 Reb8 24. Ra4 Nc6 25. Nec3 Bh3 26. b4 Bxg2 27. Kxg2 Nd4 28. Qd1
cxb4 29. Raxb4 Rxb4 30. Rxb4 a5 31. Rb6 a4 32. Bxd4 exd4 33. Nb5 Ne8 34. Nb4 a3
35. Qb3 g5 36. Nxa3 h5 37. Nd5 Kh7 38. Rb7 Qe6 39. Nb5 f5 40. Nbc7 Nxc7 41. Nxc7
Qc8 42. Nxa8 Qxa8 43. exf5 Qe8 44. Qb2 Qe5 45. f6 Qxf6 46. Qe2 Kh6 47. Re7 Kh7
48. Qe4+ Kg8 49. Qe6+ {Black resigns} 1-0